 Dungeon Sprint DCSS version 0.31-a0-198-g2ad674f65e (webtiles) character file.

Game seed: 12878706096233689845

4572 Conn the Thaumaturge (level 10, 0/56 HPs)
             Began as an Octopode Fire Elementalist on June 25, 2023.
             Was a High Priest of Sif Muna.
             Slain by an unseen horror (11 damage)
             ... in the Dungeon (Sprint I: "Red Sonja").
             The game lasted 00:13:28 (1321 turns).

Conn the Thaumaturge (Octopode Fire Elementalist)   Turns: 1321, Time: 00:13:29

Health: 0/56       AC:  1    Str:  7    XL:     10   Next: 41%
Magic:  15/28      EV: 14    Int: 22    God:    Sif Muna [*****.]
Gold:   988        SH:  0    Dex: 13    Spells: 27/37 levels left

rFire   . . .        j - +2 short sword (distort)
rCold   . . .        (no shield)
rNeg    . . .        (helmet restricted)
rPois   .            (no amulet)
rElec   .            (no ring)
rCorr   .            (no ring)
SInv    .            (no ring)
Will    .....        (no ring)
Stlth   +++          (no ring)
HPRegen 0.29/turn    (no ring)
MPRegen 0.21/turn    (no ring)
                     (no ring)

%: no teleportation
@: no status effects
A: almost no armour, amphibious, 8 rings, camouflage 1, gelatinous body 1,
(nimble swimmer 1), tentacles
a: Renounce Religion, Channel Magic, Forget Spell, Divine Exegesis


You were in the Dungeon.
You worshipped Sif Muna.
Sif Muna was extremely pleased with you.
You visited 1 branch You collected 1040 gold pieces.
You spent 52 gold pieces at shops.

Inventory:

Hand Weapons
 h - a +0 long sword
 j - a +2 short sword of distortion (weapon)
Missiles
 k - 4 curare-tipped darts (quivered)
Wands
 e - a wand of polymorph (6)
 p - a wand of light (6)
Scrolls
 c - a scroll of enchant armour {unknown}
 m - a scroll of amnesia
Potions
 a - 3 potions of magic
 b - 5 potions of curing


   Skills:
 + Level 3.4 Throwing
 + Level 4.8 Dodging
 - Level 2.6 Stealth
 + Level 1.7 Unarmed Combat
 + Level 14.3 Spellcasting
 + Level 9.2 Conjurations
 + Level 4.2 Hexes
 + Level 13.7 Fire Magic
 * Level 6.0 Invocations
 + Level 1.2 Evocations


You had 27 spell levels left.
You knew the following spells:

 Your Spells              Type           Power      Damage    Failure   Level
a - Foxfire               Conj/Fire      100%       2x1d9     1%          1
b - Scorch                Fire           100%       2d9       1%          2
c - Inner Flame           Hex/Fire       53%        N/A       1%          3
d - Flame Wave            Conj/Fire      60%        2d14      1%          4

Your spell library contained the following spells:

 Spells                   Type           Power      Damage    Failure   Level
 Volatile Blastmotes      Fire/Tloc      92%        2d17      1%          3


Dungeon Overview and Level Annotations

Branches:
Dungeon (1/1)

Altars:
Cheibriados
Dithmenos
Elyvilon
Fedhas
Gozag
Hepliaklqana
Kikubaaqudgha
Makhleb
Nemelex Xobeh
Okawaru
Qazlal
Ru
Sif Muna
Trog
Uskayaw
Vehumet
Wu Jian
Xom
Yredelemnul
Zin
The Shining One
Jiyva
Lugonu

Shops:
D *?[


Innate Abilities, Weirdness & Mutations

You cannot wear most types of armour.
You are amphibious.
You can wear up to eight rings at the same time.
Your skin changes colour to match your surroundings (Stealth+).
Your rubbery body absorbs attacks. (AC +1, EV +1)
((You are camouflaged when in or above water. (Stealth+)))
You have tentacles for arms and can constrict up to eight enemies at once.


Message History

(Press . to intensify the flame waves.) Unknown command.
Unknown command.
A wave of flame ripples out!
The flame wave engulfs something.
The flame wave engulfs the jelly!!
You kill the jelly!
Sif Muna accepts your kill. The flame wave engulfs your foxfire.
Your foxfire completely resists.
The flame wave engulfs the jelly.
The jelly is moderately wounded.
The flame wave engulfs something!
Something hits you!
Deactivating autopickup; reactivate with Ctrl-A.
Something hits you. Something hits you!
Unknown command.
Unknown command.
A wave of flame ripples out!
The flame wave engulfs the jelly!
You kill the jelly!
Sif Muna accepts your kill.
The flame wave engulfs something.
The flame wave engulfs your foxfire.
Your foxfire completely resists.
The flame wave engulfs something.
The flame wave engulfs the jelly!
The jelly is burned terribly!
You kill the jelly!
Sif Muna accepts your kill.
Sif Muna will now gift you books as you gain piety.
You finish channelling waves of flame.
Something hits you. Something hits you! x2
* * * LOW HITPOINT WARNING * * *
Your Invocations skill increases to level 6!
Unknown command.
Okay, then.
Okay, then.
Unknown command.
Okay, then.
Unknown command.
Unknown command.
Unknown command.
Unknown command.
Something hits you!
You die...

__##_.#'##'#####'###
__###+#.#....###†'.#
#####.####'###[###.#
...'...'.....'.∩##.#
####...###########.#
###.### ......##§#
#.#'#.# {.....§+§#
#.....#+..######§#
#...[.#...J§J§@#§#
#######...§.{{#§§#
......§#### .....§§
...~~~# ~~~§## ####


You could see a jelly.

Vanquished Creatures
  2 centaur warriors (D)
  Sonja (D)
  A deep troll (D)
  An oklob plant (D)
  2 kobold demonologists (D)
  A hornet (D)
  A slime creature (D)
  Sigmund (D)
  A yak (D)
  2 redbacks (D)
  2 floating eyes (D)
  An ogre (D)
  7 jellies (D)
  Ijyb (D)
  A ballistomycete spore (D)
25 creatures vanquished.

Vanquished Creatures (others)
  A ballistomycete spore (D)
  41 foxfires (D)
42 creatures vanquished.

Grand Total: 67 creatures vanquished

Notes
Turn   | Place    | Note
-------+----------+-------------------------------------------
     0 | D        | Conn the Octopode Fire Elementalist began the quest for the
                  | Orb.
     0 | D        | Reached XP level 1. HP: 11/11 MP: 3/3
     1 | D        | Noticed Ijyb
    10 | D        | Killed Ijyb
    11 | D        | Reached skill level 3 in Spellcasting
    11 | D        | Reached XP level 2. HP: 15/17 MP: 0/6
    11 | D        | Reached XP level 3. HP: 19/21 MP: 0/8
    41 | D        | Learned a level 2 spell: Scorch
    45 | D        | Learned a level 3 spell: Inner Flame
    76 | D        | Noticed an ogre
    80 | D        | Killed an ogre
    81 | D        | Reached skill level 5 in Spellcasting
    81 | D        | Reached XP level 4. HP: 27/27 MP: 2/11
   172 | D        | Learned a level 4 spell: Flame Wave
   173 | D        | Noticed Sigmund
   176 | D        | Killed Sigmund
   177 | D        | Reached skill level 7 in Spellcasting
   177 | D        | Reached skill level 5 in Conjurations
   177 | D        | Reached XP level 5. HP: 31/31 MP: 6/14
   177 | D        | Reached XP level 6. HP: 36/36 MP: 6/16
   256 | D        | Found an ornate altar of the Wu Jian Council.
   256 | D        | Found a shimmering blue altar of Sif Muna.
   258 | D        | Found a radiant altar of Vehumet.
   262 | D        | Became a worshipper of Sif Muna the Loreminder
   265 | D        | Reached skill level 1 in Unarmed Combat
   295 | D        | Found Zaeptun's Magic Scroll Emporium.
   295 | D        | Found an ancient bone altar of Kikubaaqudgha.
   295 | D        | Found a hazy altar of Hepliaklqana.
   295 | D        | Found a stormy altar of Qazlal.
   295 | D        | Found a hide-covered altar of Uskayaw.
   295 | D        | Found a blossoming altar of Fedhas.
   295 | D        | Found a bloodstained altar of Trog.
   295 | D        | Found an iron altar of Okawaru.
   295 | D        | Found a basalt altar of Yredelemnul.
   295 | D        | Found a glowing golden altar of the Shining One.
   295 | D        | Found a snail-covered altar of Cheibriados.
   295 | D        | Found a sacrificial altar of Ru.
   295 | D        | Found a glowing silver altar of Zin.
   295 | D        | Found a shadowy altar of Dithmenos.
   295 | D        | Found a white marble altar of Elyvilon.
   295 | D        | Noticed a yak
   301 | D        | Killed a yak
   302 | D        | Reached skill level 8 in Spellcasting
   302 | D        | Reached XP level 7. HP: 41/41 MP: 9/18
   359 | D        | Found an opulent altar of Gozag.
   360 | D        | Found a sparkling altar of Nemelex Xobeh.
   372 | D        | Noticed Sonja
   378 | D        | Killed Sonja
   378 | D        | Reached * piety under Sif Muna
   379 | D        | Reached skill level 10 in Spellcasting
   379 | D        | Reached skill level 1 in Hexes
   379 | D        | Reached skill level 10 in Fire Magic
   379 | D        | Reached XP level 8. HP: 34/46 MP: 6/22
   507 | D        | Found Rogroitz's General Store.
   515 | D        | Bought a scroll of fear for 52 gold pieces
   527 | D        | Noticed a deep troll
   546 | D        | Killed a deep troll
   547 | D        | Reached skill level 1 in Throwing
   547 | D        | Reached skill level 11 in Spellcasting
   587 | D        | Found Buyseggy's Armour Emporium.
   623 | D        | Found a burning altar of Makhleb.
   623 | D        | Found a viscous altar of Jiyva.
   623 | D        | Found a shimmering altar of Xom.
   623 | D        | Found a corrupted altar of Lugonu.
   623 | D        | Noticed a slime creature
   633 | D        | Killed a slime creature
   634 | D        | Reached skill level 12 in Spellcasting
   634 | D        | Reached XP level 9. HP: 51/51 MP: 14/25
   697 | D        | Noticed a kobold demonologist
   702 | D        | Noticed a kobold demonologist
   706 | D        | Noticed a sixfirhy
   706 | D        | Reached ** piety under Sif Muna
   707 | D        | Noticed a rust devil
   707 | D        | Killed a kobold demonologist
   711 | D        | Killed a kobold demonologist
   833 | D        | Noticed a centaur warrior
   833 | D        | Noticed a centaur warrior
   840 | D        | Killed a centaur warrior
   841 | D        | Reached skill level 13 in Spellcasting
  1018 | D        | Noticed a hornet
  1023 | D        | Killed a hornet
  1023 | D        | Reached *** piety under Sif Muna
  1024 | D        | Reached skill level 1 in Evocations
  1039 | D        | Killed a centaur warrior
  1040 | D        | Reached XP level 10. HP: 13/56 MP: 15/27
  1048 | D        | Noticed an oklob plant
  1194 | D        | Killed an oklob plant
  1195 | D        | Reached skill level 14 in Spellcasting
  1195 | D        | Reached skill level 5 in Invocations
  1202 | D        | Reached **** piety under Sif Muna
  1320 | D        | Reached ***** piety under Sif Muna
  1321 | D        | Slain by an unseen horror

Illustrated notes

Levels and vault maps discovered:
D:        dungeon_sprint_1 [red_sonja_temple_1, red_sonja_temple_small_1]

Skill      XL: |  1  2  3  4  5  6  7  8  9 10 |
---------------+-------------------------------+-----
Spellcasting   | 3 5 7 8 10 12 13 14 | 14.3
Conjurations   | 2 3 5 6 7 8 9 |  9.2
Fire Magic     | 4 6 8 9 10 11 13 | 13.7
Dodging        | 3 4 |  4.8
Unarmed Combat | 1 |  1.7
Hexes          | 1 2 3 4 |  4.2
Throwing       | 1 3 |  3.4
Invocations    | 4 6 |  6.0
Evocations     | 1 |  1.2
Stealth        | |  2.6

Action                     |  1- 3 |  4- 6 |  7- 9 | 10-12 || total
---------------------------+-------+-------+-------+-------++-------
  Melee: Unarmed           |     5 |       |       |       ||     5
         Tentacles         |     2 |       |       |       ||     2
         Constrict         |     1 |       |       |       ||     1
         Short sword       |       |       |       |     1 ||     1
  Throw: Dart              |       |       |     9 |       ||     9
   Cast: Foxfire           |     4 |       |    20 |     4 ||    28
         Scorch            |     1 |     5 |    17 |     8 ||    31
         Inner Flame       |     1 |     2 |     6 |     1 ||    10
         Flame Wave        |       |       |     1 |     2 ||     3
  Evoke: Wand              |       |       |     2 |     1 ||     3
    Use: Potion            |     1 |       |     4 |       ||     5
         Scroll            |       |       |     6 |       ||     6
   Stab: Sleeping          |       |       |       |     1 ||     1
  Dodge: Dodged            |     1 |       |     4 |       ||     5

Table legend: (Time is in decaauts)
 A = Elapsed time spent in this place.
 B = Non-inter-level travel time spent in this place.
 C = Inter-level travel time spent in this place.
 D = Time resting spent in this place.
 E = Time spent auto-exploring this place.
 F = Levels seen in this place.
 G = Mean time per level.
                   A        B        C        D        E       F      G
               +--------+--------+--------+--------+--------+-----+--------+
         Total |   1313 |   1313 |      0 |    729 |      0 |   1 | 1313.0 |
       Dungeon |   1313 |   1313 |      0 |    729 |      0 |   1 | 1313.0 |
               +--------+--------+--------+--------+--------+-----+--------+

Top non-repeatable levels by time:
       D: 1313 daAuts
